 Dungeon Crawl Stone Soup version 0.22.1-1-ga44c0e5 (webtiles) character file.

86 Anon1729 the Sneak (level 4, 0/23 HPs)
             Began as a Spriggan Assassin on Nov 5, 2018.
             Slain by Terence
             ... wielding a +3 hand axe of flaming
              (1 damage)
             ... on level 3 of the Dungeon.
             The game lasted 00:02:23 (1827 turns).

Anon1729 the Sneak (Spriggan Assassin)              Turns: 1827, Time: 00:02:24

Health: 0/23       AC:  3    Str:  7    XL:     4   Next: 27%
Magic:  5/5        EV: 18    Int: 12    God:
Gold:   123        SH:  0    Dex: 18    Spells: 3/3 levels left

rFire    . . .     SeeInvis +   a - +2 dagger
rCold    . . .     Gourm    .   (shield restricted)
rNeg     . . .     Faith    .   c - +0 robe
rPois    .         Spirit   .   (helmet restricted)
rElec    .         Reflect  .   d - +0 cloak
rCorr    .         Harm     .   (gloves unavailable)
MR       .....                  (boots unavailable)
Stlth    ++++......             (no amulet)
HPRegen  0.07/turn              (no ring)
MPRegen  0.09/turn              (no ring)

@: very quick
A: very small, unfitting armour, see invisible, herbivore, speed 3, slow
metabolism 2
a: no special abilities


You were on level 3 of the Dungeon.
You were not hungry.

You visited 1 branch of the dungeon, and saw 3 of its levels.

You collected 123 gold pieces.

Inventory:

Hand Weapons
 a - a +2 dagger (weapon)
 b - a +0 blowgun
Missiles
 e - 7 poisoned needles
 f - a curare-tipped needle
Armour
 c - a +0 robe (worn)
 d - a +0 cloak (worn)
Scrolls
 h - a scroll of fear {unknown}
 i - 2 scrolls of remove curse {unknown}
 j - a scroll of enchant armour {unknown}
 k - a scroll of teleportation {unknown}
 l - a scroll of immolation {unknown}
 n - a scroll of identify {unknown}
Potions
 m - 2 potions of curing {unknown}
Comestibles
 g - 5 rations


   Skills:
 + Level 2.1 Fighting
 + Level 3.0 Short Blades
 + Level 2.6 Throwing
 + Level 2.9 Dodging
 + Level 6.5 Stealth


You had 3 spell levels left.
You didn't know any spells.
Your spell library was empty.

Dungeon Overview and Level Annotations

Branches:
Dungeon (3/15)

Altars:

Annotations:
D:3 Terence


Innate Abilities, Weirdness & Mutations

You are very small and have problems with some larger weapons.
You are too small for most types of armour.
You have supernaturally acute eyesight. (SInv)
You are a herbivore.
You cover ground extremely quickly.
You need to consume almost no food.


Message History

The kobold barely misses you. The hobgoblin hits you with a club.
You hit the hobgoblin.
The hobgoblin is severely wounded.
You hit the hobgoblin.
You kill the hobgoblin!
The kobold hits you with a short sword. The rat closely misses you.
You hit the kobold but do no damage. The kobold misses you.
A rat comes into view.
The rat completely misses you.
You barely miss Terence. Terence hits you but does no damage.
The kobold hits you with a short sword. The rat closely misses you.
The rat twitches its whiskers.
You see here a club.
There is a stone staircase leading up here.
You closely miss the kobold. The kobold hits you with a short sword.
The kobold barely misses you.
Terence hits you with a hand axe of flaming.
* * * LOW HITPOINT WARNING * * *
Terence burns you.
You die...

############
#..........#
#....@.....#
#...@K.....#
#..r.>.....#
#########...)......#
...................#
..........)........#
..[................#
...................#
......)...(........#


You could see Terence, a kobold and a rat.

Vanquished Creatures
  4 adders (D:2)
  2 oozes
  2 dart slugs (D:2)
  2 leopard geckos (D:1)
  2 giant cockroaches (D:1)
  A goblin (D:1)
  4 hobgoblins
  2 jackals (D:1)
  5 bats
  3 frilled lizards
  5 kobolds
  8 rats
40 creatures vanquished.

Notes
Turn   | Place    | Note
-------+----------+-------------------------------------------
     0 | D:1      | Anon1729 the Spriggan Assassin began the quest for the Orb.
     0 | D:1      | Reached XP level 1. HP: 10/10 MP: 2/2
    94 | D:1      | Reached skill level 6 in Stealth
    94 | D:1      | Reached XP level 2. HP: 4/15 MP: 3/3
   888 | D:2      | Reached XP level 3. HP: 14/18 MP: 4/4
  1538 | D:2      | Reached XP level 4. HP: 23/23 MP: 5/5
  1807 | D:3      | Noticed Terence
  1827 | D:3      | HP: 1/23 [Terence/hand axe of flaming (6)]
  1827 | D:3      | Slain by Terence

Skill      XL: |  1  2  3  4 |
---------------+-------------+-----
Stealth        | 6 |  6.5
Dodging        | 2 |  2.9
Fighting       | 2 |  2.1
Short Blades   | 3 |  3.0
Throwing       | |  2.6

Action                   |  1- 3 |  4- 6 || total
-------------------------+-------+-------++-------
Melee: Dagger            |    70 |    14 ||    84
 Fire: Blowgun           |    15 |       ||    15
 Stab: Sleeping          |    15 |     3 ||    18
Armor: Robe              |     3 |     2 ||     5
Dodge: Dodged            |    47 |    10 ||    57
